 Dungeon Crawl Stone Soup version 0.14-a0-2019-gd9bc7f0 (webtiles) character file.

136 Nicoed the Covered (level 3, -8/33 HPs)
             Began as a Minotaur Fighter on Jan 19, 2014.
             Mangled by Sigmund
             ... wielding a +2,+0 scythe of venom
              (9 damage)
             ... on Level 2 of the Dungeon.
             The game lasted 00:03:48 (1442 turns).

Nicoed the Covered (Minotaur Fighter)               Turns: 1442, Time: 00:03:49

HP  -8/33        AC  5     Str 21      XL: 3   Next: 94%
MP  11/11        EV  8     Int  5      God:
Gold 71          SH 19     Dex  9      Spells:  0 memorised,  2 levels left

rFire  . . .     SeeInvis .     a - +0 falchion
rCold  . . .     Clarity  .     q - +0 elf ring mail
rNeg   . . .     Conserve +     c - +0 shield
rPois  .         rCorr    .     (helmet restricted)
rElec  .         rRot     .     (no cloak)
SustAb . .       Spirit   .     (no gloves)
rMut   .         Warding  .     (no boots)
Saprov . . .     Stasis   .     h - amulet of conservation {unknown}
MR     .....                    (no ring)
                                f - ring of magical power

@: quite poisoned, not resistant to hostile enchantments, extremely unstealthy
A: retaliatory headbutt, horns 2
a: no special abilities


You were on level 2 of the Dungeon.
You were not hungry.

You visited 1 branch of the dungeon, and saw 2 of its levels.

You collected 71 gold pieces.

Inventory:

Hand weapons
 a - a +0,+0 falchion (weapon)
Armour
 c - a +0 shield (worn)
 q - a +0 elven ring mail (worn)
Comestibles
 d - 2 bread rations
Scrolls
 k - a scroll of noise
Jewellery
 f - a ring of magical power (left hand)
 h - an amulet of conservation (around neck) {unknown}
Potions
 g - a potion of flight {unknown}
 j - a potion of degeneration {unknown}
 n - a potion of restore abilities {unknown}
 o - 2 potions of heal wounds {unknown}
 p - a potion of curing {unknown}
 s - a potion of agility {unknown}
 t - a potion of lignification {unknown}
 u - a potion of magic {unknown}


   Skills:
 + Level 4.1 Fighting
 + Level 3.3 Long Blades
 + Level 4.3 Armour
 + Level 1.2 Dodging
 + Level 3.9 Shields


You had 2 spell levels left.
You didn't know any spells.

Dungeon Overview and Level Annotations

Branches:
Dungeon (2/16)

Altars:
Elyvilon

Annotations:
D:2 Sigmund


Innate Abilities, Weirdness & Mutations

You reflexively headbutt those who attack you in melee.
You have a pair of horns on your head.


Message History

* * * LOW HITPOINT WARNING * * *
You feel sick. You block its attack.
Your shield and ring mail prevent you from hitting something.
Your headbutt misses something.
* * * LOW HITPOINT WARNING * * *
You feel sick. Something hits you.
* * * LOW HITPOINT WARNING * * *
Your shield prevents you from hitting something.
Something hits you but does no damage.
You are more poisoned.
You hit something.
* * * LOW HITPOINT WARNING * * *
You feel sick.
You feel a little better.
You hear some strange, mumbled words.
Something tries to affect you, but you resist.
You barely miss something. Your headbutt misses something.
* * * LOW HITPOINT WARNING * * *
You feel sick. Something hits you!
You die...

..#.........#.#............##..#
..#.........#.##.##..##.##.##..#
...............................#
.......{.............##.##.###.#
###.........#.....<..##.##.# #.#
# ###.#######........##.##.# #.#.
# #..................##.##.# #.#.
# #.#.#######........##.##.# #.#.
# #.#.# #.##@######.##.# #.#. #
#.#.#######.##.# #.##.###.#.
###.#.........##.######.##.....#.
..${#.........##...............#.
..{.#.........##.######@##.....#.
..{..............................
................................#
....##................#.#.......#
######.#####..........#.##.###.##


There were no monsters in sight!

Vanquished Creatures
  Jessica (D:2)
  An adder (D:2)
  2 giant geckos (D:2)
  An ooze (D:1)
  2 bats (D:1)
  4 giant cockroaches
  2 hobgoblins (D:2)
  6 jackals
  2 kobolds
  2 giant newts
  3 goblins
  8 rats
34 creatures vanquished.

Notes
Turn   | Place    | Note
--------------------------------------------------------------
     0 | D:1      | Nicoed, the Minotaur Fighter, began the quest for the Orb.
     0 | D:1      | Reached XP level 1. HP: 19/19 MP: 1/1
   136 | D:1      | Reached XP level 2. HP: 21/27 MP: 1/1
   665 | D:2      | Reached skill level 4 in Armour
   753 | D:2      | Found a white marble altar of Elyvilon.
   838 | D:2      | Reached XP level 3. HP: 31/33 MP: 2/2
   874 | D:2      | Noticed Jessica
   883 | D:2      | Killed Jessica
   883 | D:2      | Reached skill level 1 in Dodging
  1027 | D:2      | Noticed Sigmund
  1441 | D:2      | HP: 1/33 [poisoned by Sigmund]
  1442 | D:2      | Mangled by Sigmund

Action                   || total
-------------------------++-------
Melee: Falchion          ||   117
  Use: Scroll            ||     6
